 Dungeon Crawl Stone Soup version 0.20.0-9-g8272e65 (webtiles) character file.

97 Kosschaser the Shield-Bearer (level 4, -2/23 HPs)
             Began as a Vine Stalker Fighter on June 3, 2017.
             Slain by Crazy Yiuf
             ... wielding a +3 quarterstaff of chaos
              (3 damage)
             ... on level 2 of the Dungeon.
             The game lasted 00:04:06 (1930 turns).

Kosschaser the Shield-Bearer (Vine Stalker Fighter) Turns: 1930, Time: 00:04:07

Health: -2/23      AC: 14    Str: 18    XL:     4   Next: 68%
Magic:  0/5        EV:  2    Int:  8    God:
Gold:   125        SH:  0    Dex: 15    Spells: 3/3 levels left

rFire    . . .     SeeInvis .   a - +0 long sword
rCold    . . .     Gourm    .   c - +0 shield
rNeg     + + +     Faith    +   m - +0 plate armour
rPois    ∞         Spirit   +   t - +2 hat
rElec    .         Reflect  .   (no cloak)
rCorr    .         Harm     .   k - +0 pair of gloves
MR       .....                  (no boots)
Stlth    ..........             q - amulet of faith
Regen    0.5/turn               h - ring of poison resistance
MPRegen  0.1/turn               (no ring)

@: petrified, slowed
A: fangs 2, regeneration 1, magic shield, antimagic bite, no potion heal 3, rot
immunity
a: no special abilities


You were on level 2 of the Dungeon.
You were hungry.

You visited 1 branch of the dungeon, and saw 2 of its levels.

You collected 125 gold pieces.

Inventory:

Hand Weapons
 a - a +0 long sword (weapon)
Armour
 c - a +0 shield (worn)
 k - a +0 pair of gloves (worn)
 m - a +0 plate armour (worn)
 t - a +2 hat (worn)
Jewellery
 h - a ring of poison resistance (left hand)
 q - an amulet of faith (around neck)
Scrolls
 e - a scroll of immolation {unknown}
 g - 2 scrolls of magic mapping {unknown}
 j - a scroll of enchant weapon {unknown}
 o - a scroll of blinking {unknown}
 p - a scroll of identify {unknown}
Potions
 d - a potion of might
 i - a potion of mutation {unknown}
 l - 2 potions of heal wounds {unknown}
 n - a potion of curing {unknown}
Comestibles
 f - a bread ration
 r - a royal jelly
 s - a meat ration


   Skills:
 + Level 2.9 Fighting
 + Level 2.7 Long Blades
 + Level 2.9 Armour
 * Level 0.8 Dodging
 + Level 3.4 Shields


You had 3 spell levels left.
You didn't know any spells.

Dungeon Overview and Level Annotations

Branches:
Dungeon (2/15)

Altars:

Annotations:
D:2 Crazy Yiuf


Innate Abilities, Weirdness & Mutations

You have extremely sharp teeth.
Your natural rate of healing is unusually fast.
When hurt, damage is shared between your health and your magic reserves.
Your bite disrupts and absorbs the magic of your enemies.
Potions cannot restore your health.
You are immune to rotting.


Message History

Crazy Yiuf hits you with a quarterstaff of chaos.
You are slowing down.
All of the chunks of flesh in your inventory have rotted away.
Your shield prevents you from hitting Crazy Yiuf.
Crazy Yiuf twirls on the spot.
Crazy Yiuf hits you but does no damage. x2; You have turned to stone.
Crazy Yiuf hits you but does no damage.
Crazy Yiuf hits you with a quarterstaff of chaos!
Crazy Yiuf burns you.
Crazy Yiuf hits you with a quarterstaff of chaos!
You feel yourself slow down. Crazy Yiuf completely misses you.
Crazy Yiuf yells, "Liver meccalolo tortoise!"
Crazy Yiuf hits you with a quarterstaff of chaos.
You are electrocuted!
Crazy Yiuf flaps his cloak.
Crazy Yiuf hits you but does no damage.
You are electrocuted!
* * * LOW HITPOINT WARNING * * *
Crazy Yiuf hits you with a quarterstaff of chaos.
You die...

#.......#
#†########..........#
####.####
#..............######
#.# ##########.###.#
#.# ### #†# ##.####
#.# #.....# #.#
#..#####♣♣ ### #.#
#..##..#.♣♣ ♣♣#)))#
#.#
###..#......♣♣♣♣@g)..#
#.#
.##[.#....P..♣..♣#)).#
#.# .........#..♣.♣♣♣
### #.#
.##..##.##♣♣♣♣♣
###.....# #.##### #..
###


You could see Crazy Yiuf.

Vanquished Creatures
  3 adders
  4 oozes
  2 worms (D:2)
  A dart slug (D:2)
  5 bats
  2 giant cockroaches
  4 goblins
  7 hobgoblins
  4 jackals (D:2)
  5 kobolds
  A quokka (D:2)
  4 frilled lizards
  3 rats
45 creatures vanquished.

Notes
Turn   | Place    | Note
-------+----------+-------------------------------------------
     0 | D:1      | Kosschaser the Vine Stalker Fighter began the quest for the Orb.
     0 | D:1      | Reached XP level 1. HP: 11/11 MP: 2/2
    67 | D:1      | Reached skill level 3 in Shields
    67 | D:1      | Reached XP level 2. HP: 14/16 MP: 3/3
   719 | D:1      | Reached XP level 3. HP: 17/19 MP: 2/4
  1575 | D:2      | Gained mutation: Your natural rate of healing is unusually fast. [Vine Stalker growth]
  1575 | D:2      | Reached XP level 4. HP: 18/23 MP: 5/5
  1914 | D:2      | Found a runed door.
  1918 | D:2      | Noticed Crazy Yiuf
  1929 | D:2      | HP: 1/23 [Crazy Yiuf/quarterstaff of chaos (7)]
  1930 | D:2      | Slain by Crazy Yiuf

Skill      XL: |  1  2 |
---------------+-------+-----
Shields        | 3 |  3.4
Long Blades    | 2 |  2.7
Fighting       | |  2.9
Armour         | |  2.9
Dodging        | |  0.8

Action                   |  1- 3 |  4- 6 || total
-------------------------+-------+-------++-------
Melee: Long sword        |   109 |    46 ||   155
       Bite              |    28 |    14 ||    42
  Eat: Chunk             |     2 |     1 ||     3
Armor: Scale mail        |    60 |    12 ||    72
       Plate armour      |       |    17 ||    17
Dodge: Dodged            |    25 |     8 ||    33
Block: Shield            |    49 |    17 ||    66
       Rpst.: Long sword |     5 |     2 ||     7
